 Dungeon Crawl Stone Soup version 0.31.0-12-g77e489cdc1 (webtiles) character file.

Game seed: 4403160337352636631

35 lordive the Changeling (level 3, 0/26 HPs)
             Began as a Merfolk Shapeshifter on Feb 29, 2024.
             Slain by a jackal (2 damage)
             ... on level 3 of the Dungeon.
             The game lasted 00:02:00 (1922 turns).

lordive the Changeling (Merfolk Shapeshifter)       Turns: 1922, Time: 00:02:00

Health: 0/26       AC:  2    Str: 14    XL:     3   Next: 35%
Magic:  3/3        EV: 12    Int: 11    God:
Gold:   89         SH:  0    Dex: 13    Spells: 2/2 levels left

rFire   . .          .
                       - Unarmed
rCold   . . .        (no shield)
rNeg    . . .        a - +0 animal skin
rPois   .            p - melded +2 hat
rElec   .            (cloak currently unavailable)
rCorr   .            (gloves currently unavailable)
SInv    .            (boots currently unavailable)
Will    .....        (no amulet)
Stlth   +            (no ring)
HPRegen 0.24/turn    (no ring)
MPRegen 0.08/turn

%: no passive effects
@: beast-form
A: beast (slay +2), (nimble swimmer 2), mertail
a: Begin Untransformation


You were on level 3 of the Dungeon.
You were a hulking beast.
You visited 1 branch of the dungeon, and saw 3 of its levels.

You collected 89 gold pieces.

Inventory:

Armour
 a - a +0 animal skin (worn)
 p - a +2 hat (melded)
Jewellery
 e - a ring of ice
 i - an amulet of magic regeneration
 v - a ring of protection from cold
Talismans
 c - a beast talisman (active)
 d - a flux talisman
Scrolls
 h - 2 scrolls of identify {unknown}
 k - a scroll of torment {unknown}
 l - a scroll of poison {unknown}
 n - 2 scrolls of teleportation {unknown}
 o - a scroll of noise {unknown}
 s - a scroll of fear {unknown}
 u - a scroll of vulnerability {unknown}
Potions
 b - 2 potions of lignification
 f - 2 potions of haste {unknown}
 g - a potion of attraction {unknown}
 j - a potion of mutation {unknown}
 m - a potion of ambrosia {unknown}
 q - 2 potions of curing {unknown}
 r - a potion of magic {unknown}
 t - a potion of invisibility {unknown}


   Skills:
 + Level 1.1 Fighting
 + Level 2.9 Dodging
 + Level 4.0 Unarmed Combat
 + Level 4.8 Shapeshifting


You had 2 spell levels left.
You didn't know any spells.
Your spell library was empty.

Dungeon Overview and Level Annotations

Branches:
Dungeon (3/15)

Altars:
Ashenzari
Wu Jian

Shops:
D:2 =

Annotations:
D:1 2 transporters
D:3 Terence


Innate Abilities, Weirdness & Mutations

You are a hulking beast.
Your limbs bulge with bestial killing power. (Slay +2)
((You are very nimble when in or above water. (Stealth+, EV+, Speed+++)))
Your lower body shifts to a powerful aquatic tail in water.


Message History

You barely miss the hobgoblin. The jackal closely misses you.
The jackal bites you. The hobgoblin closely misses you.
The jackal stops to sniff the ground.
The jackal misses you. The jackal bites you.
You punch the hobgoblin!
You kill the hobgoblin!
The jackal bites you. The jackal barely misses you.
Your Unarmed Combat skill increases to level 4!
You are too injured to fight recklessly!
You are too injured to fight recklessly!
You are too injured to fight recklessly!
You are too injured to fight recklessly!
You are too injured to fight recklessly!
You are too injured to fight recklessly!
You are too injured to fight recklessly!
You are too injured to fight recklessly!
You are too injured to fight recklessly!
You are too injured to fight recklessly!
You are too injured to fight recklessly!
You are too injured to fight recklessly!
You are too injured to fight recklessly!
You are too injured to fight recklessly!
You are too injured to fight recklessly!
You are too injured to fight recklessly!
You are too injured to fight recklessly!
The jackal attacks as it pursues you! The jackal bites you.
Terence attacks as he pursues you! Terence barely misses you.
The jackal bites you but does no damage.
The jackal attacks as it pursues you! The jackal closely misses you.
The jackal bites you. Terence barely misses you.
The jackal attacks as it pursues you! The jackal misses you.
The jackal bites you.
* * * LOW HITPOINT WARNING * * *
Terence attacks as he pursues you!
Terence hits you from afar with a +0 trident.
* * * LOW HITPOINT WARNING * * *
The jackal attacks as it pursues you! The jackal bites you.
* * * LOW HITPOINT WARNING * * *
The jackal bites you.
You die...

...............# ##....#.. #
#...... #....####..÷#.#..
.#<....#####...............
......#.....#..##.........
#..........#...#......... .
#....##.##...............
...#....##.##.#.............
.......h@.h.#...............
...#.#..###h#.....#.>.......
#..†..##......##.....[...
####.....................
#.#.......##...#......
.............###......
###........## #.......
#.............##>...
#.#.................
.####.....


You could see Terence and 2 jackals.

Vanquished Creatures
  A ribbon worm (D:2)
  3 ball pythons
  2 endoplasms
  3 giant cockroaches (D:2)
  2 goblins
  4 hobgoblins
  A jackal (D:3)
  3 kobolds
  2 quokkas (D:2)
  A bat (D:1)
  3 frilled lizards
  6 rats
31 creatures vanquished.

Notes
Turn   | Place    | Note
-------+----------+-------------------------------------------
     0 | D:1      | lordive the Merfolk Shapeshifter began the quest for the
                  | Orb.
     0 | D:1      | Reached XP level 1. HP: 15/15 MP: 1/1
   452 | D:1      | Reached XP level 2. HP: 17/21 MP: 2/2
  1027 | D:2      | Found Zogynt's Jewellery Boutique.
  1289 | D:2      | Reached XP level 3. HP: 17/26 MP: 3/3
  1667 | D:3      | Found an ornate altar of the Wu Jian Council.
  1846 | D:3      | Found a broken altar of Ashenzari.
  1915 | D:3      | Noticed Terence
  1922 | D:3      | Slain by a jackal

Illustrated notes

Levels and vault maps discovered:
D:1:      spicycebolla_arrival_transporter_tutorial, layout_basic
D:2:      layout_loops_ring, serial_shops, nicolae_shop_tiny_statue_garden
D:3:      layout_rooms, mainiacjoe_overflow_chevrons, marbit_many_paths,
          serial_shops, nicolae_square_shop, uniq_terence

Skill      XL: |  1  2  3 |
---------------+----------+-----
Unarmed Combat | 4 |  4.0
Fighting       | |  1.1
Dodging        | |  2.9
Shapeshifting  | |  4.8

Action                     || total
---------------------------++-------
  Melee: Unarmed           ||   100
         Punch             ||     2
Ability: Begin Untransform ||     1
   Stab: Sleeping          ||     3
         Distracted        ||     1
 Armour: Animal skin       ||    52
  Dodge: Dodged            ||    65
   Form: Beast             ||     1
